 Dungeon Crawl Stone Soup version 0.31.0-12-g77e489cdc1 (webtiles) character file.

Game seed: 17472438869367393635

1183 KennySheep the Cleaver (level 8, -1/64 HPs)
             Began as a Hill Orc Monk on Mar 2, 2024.
             Was a Follower of Beogh.
             Slain by a troll (6 damage)
             ... on level 6 of the Dungeon.
             The game lasted 00:07:22 (4322 turns).

KennySheep the Cleaver (Hill Orc Monk)              Turns: 4322, Time: 00:07:22

Health: -1/64      AC:  8    Str: 16    XL:     8   Next: 42%
Magic:  9/11       EV: 12    Int: 10    God:    Beogh [*.....]
Gold:   27         SH:  0    Dex: 13    Spells: 7/7 levels left

rFire   . . .        a - +0 hand axe
rCold   . . .        d - orb {light}
rNeg    . . .        e - +2 robe {Will+}
rPois   .            (no helmet)
rElec   .            (no cloak)
rCorr   .            (no gloves)
SInv    .            (no boots)
Will    +....        r - amulet of regeneration
Stlth   +            o - +4 ring of protection
HPRegen 1.10/turn    (no ring)
MPRegen 0.12/turn

%: no passive effects
@: glowing
A: no striking features
a: Renounce Religion


You were on level 6 of the Dungeon.
You worshipped Beogh.
Beogh was aware of your devotion.
You visited 1 branch of the dungeon, and saw 6 of its levels.

You collected 279 gold pieces.
You spent 252 gold pieces at shops.

Inventory:

Hand Weapons
 a - a +0 hand axe (weapon)
Armour
 b - a +0 robe
 d - an orb of light (worn)
 e - a +2 robe of willpower (worn)
 n - a +0 ring mail
Jewellery
 o - a +4 ring of protection (left hand)
 r - an amulet of regeneration (around neck)
 x - a ring of poison resistance
 y - a ring of willpower
Wands
 t - a wand of polymorph (8)
Scrolls
 g - a scroll of amnesia
 h - a scroll of enchant weapon
 j - a scroll of poison
 m - a scroll of teleportation
 p - a scroll of revelation
 s - a scroll of vulnerability {unknown}
 u - a scroll of noise
 v - a scroll of brand weapon {unknown}
 w - a scroll of immolation {unknown}
 A - 2 scrolls of enchant armour
 B - a scroll of summoning
 C - 2 scrolls of fog
 E - a scroll of silence {unknown}
Potions
 c - a potion of ambrosia
 f - a potion of magic {unknown}
 i - a potion of cancellation {unknown}
 k - a potion of attraction
 l - a potion of might
 q - a potion of enlightenment
 z - a potion of mutation {unknown}
 D - a potion of lignification {unknown}


   Skills:
 - Level 3.6 Fighting
 * Level 11.1 Axes
 + Level 4.2 Armour
 - Level 2.4 Dodging
 + Level 4.8 Invocations


You had 7 spell levels left.
You didn't know any spells.
Your spell library contained the following spells:

 Spells                   Type           Power      Damage    Failure   Level
 Ensorcelled Hibernation  Hex/Ice        0%         N/A       50%         2
 Scorch                   Fire           0%         2d5       50%         2
 Fugue of the Fallen      Necr           0%         N/A       75%         3
 Anguish                  Hex/Necr       0%         N/A       98%         4
 Flame Wave               Conj/Fire      0%         2d4       98%         4
 Manifold Assault         Tloc           0%         N/A       98%         4
 Passage of Golubria      Tloc           0%         N/A       98%         4
 Silence                  Hex/Air        0%         N/A       100%        5
 Dispersal                Tloc           0%         N/A       100%        6
 Summon Cactus Giant      Summ           0%         N/A       100%        6
 Disjunction              Tloc           0%         N/A       100%        8
 Lehudib's Crystal Spear  Conj/Erth      0%         10d2      100%        8


Dungeon Overview and Level Annotations

Branches:
Dungeon (6/15)             Temple (0/1) D:6

Altars:
Cheibriados

Shops:
D:6 ?


Message History

You hit the troll but do no damage.
The troll is severely wounded.
You feel sick. The troll bites you! The troll claws you!
The troll barely misses you.
You hit the troll.
The troll is severely wounded.
You hit the wight.
Okay, then.
Unknown command.
You hit the troll but do no damage.
The troll is severely wounded.
You barely miss the wight.
You feel sick. The wight misses you. The troll barely misses you.
The troll claws you! The troll misses you.
You completely miss the troll.
The troll is severely wounded.
You hit the wight but do no damage.
You feel sick. The wight closely misses you.
The troll bites you but does no damage. The troll closely misses you.
The troll claws you.
You feel sick.
You hit the troll.
The troll is severely wounded.
You hit the wight but do no damage. The wight barely misses you.
The troll bites you!
* * * LOW HITPOINT WARNING * * *
The troll barely misses you. The troll claws you.
* * * LOW HITPOINT WARNING * * *
You feel sick.
You are no longer poisoned.
The wight attacks as it pursues you! The wight barely misses you.
You hit the troll.
The troll is severely wounded.
You hit the wight but do no damage. The troll attacks as it pursues you!
The troll bites you but does no damage. The troll claws you!
* * * LOW HITPOINT WARNING * * *
The troll closely misses you.
You slash the troll!
The troll is almost dead.
The troll barely misses you. The troll closely misses you. The troll claws you.
You die...

#.# #..# #.# #..# #.#
######..### # #.#
#..:......##.# #.#
#...#.#..... #.#
#..#.#.#..# #.#
#.#.#.#z#.# #.#
#..#.>T#?.######
#.##.####.#.#@#.#.......
#..........#.#$#..#####
########....#.#....#
##.............
##.#.######.#... #...#
.# ## ###.. # ####


You could see a troll and a wight.

Vanquished Creatures
  Sigmund (D:2)
  A water moccasin (D:5)
  A sky beast (D:4)
  A black bear (D:4)
  2 ogres
  A phantom (D:4)
  2 scorpions
  A howler monkey (D:6)
  3 hounds
  2 jellies
  An iguana (D:5)
  An orc wizard (D:3)
  7 adders
  An ufetubus (D:4)
  A dart slug (D:3)
  A ribbon worm (D:2)
  10 orcs
  4 ball pythons
  6 bats
  7 endoplasms
  A giant cockroach (D:4)
  3 hobgoblins
  4 jackals (D:2)
  11 kobolds
  A quokka (D:4)
  A frilled lizard (D:3)
  6 goblins
  7 rats
88 creatures vanquished.

Notes
Turn   | Place    | Note
-------+----------+-------------------------------------------
     0 | D:1      | KennySheep the Hill Orc Monk began the quest for the Orb.
     0 | D:1      | Reached XP level 1. HP: 19/19 MP: 1/1
   218 | D:1      | Reached XP level 2. HP: 19/26 MP: 2/2
   625 | D:2      | Reached skill level 5 in Axes
   742 | D:2      | Reached XP level 3. HP: 29/31 MP: 3/3
   746 | D:2      | Identified the +2 rapier of Honour {distort, ^Drain Fly
                  | rF++}
   857 | D:2      | Noticed Sigmund
   883 | D:2      | Killed Sigmund
   884 | D:2      | Reached skill level 8 in Axes
   884 | D:2      | Reached XP level 4. HP: 35/39 MP: 4/4
   884 | D:2      | Reached XP level 5. HP: 40/45 MP: 5/5
   955 | D:2      | Found a snail-covered altar of Cheibriados.
  1438 | D:3      | Became a worshipper of Beogh the Brigand
  1438 | D:3      | Reached * piety under Beogh
  1438 | D:3      | Reached ** piety under Beogh
  1451 | D:3      | Reached XP level 6. HP: 46/51 MP: 6/6
  1467 | D:3      | Reached skill level 1 in Armour
  1914 | D:4      | Reached skill level 1 in Invocations
  2007 | D:4      | Reached skill level 9 in Axes
  2057 | D:4      | Noticed a black bear
  2072 | D:4      | Killed a black bear
  2073 | D:4      | Reached XP level 7. HP: 49/57 MP: 4/8
  2668 | D:4      | Reached skill level 10 in Axes
  3372 | D:5      | Entered Level 5 of the Dungeon
  3549 | D:5      | Reached XP level 8. HP: 48/64 MP: 10/10
  4104 | D:6      | Found Huapp's Magic Scroll Boutique.
  4115 | D:6      | Bought a scroll of summoning for 114 gold pieces
  4115 | D:6      | Bought a scroll of fog for 48 gold pieces
  4115 | D:6      | Bought a scroll of enchant armour for 90 gold pieces
  4287 | D:6      | Found a staircase to the Ecumenical Temple.
  4294 | D:6      | Reached skill level 11 in Axes
  4303 | D:6      | Noticed a troll
  4322 | D:6      | Slain by a troll

Illustrated notes

Levels and vault maps discovered:
D:1:      mrwooster_arrival_arrow, layout_loops_ring
D:2:      layout_basic, basic_altar, uniq_sigmund
D:3:      layout_basic
D:4:      layout_layer_cave, minmay_misc_feat_cross, st_stairs_1,
          hangedman_decor_diamond_cutter
D:5:      layout_loops_ring
D:6:      layout_loops_ring, minmay_temple_entry_grid,
          biasface_ghost_orc_armoury, serial_shops,
          nicolae_shop_gibbet_a_chance, chequers_serial_rivers_large_b,
          st_stairs_5, minmay_holes, uniq_edmund

Skill      XL: |  1  2  3  4  5  6  7  8 |
---------------+-------------------------+-----
Axes           | 5 8 9 10 11 | 11.1
Armour         | 2 3 4 |  4.2
Invocations    | 2 3 4 |  4.8
Fighting       | |  3.6
Dodging        | |  2.4

Action                     |  1- 3 |  4- 6 |  7- 9 || total
---------------------------+-------+-------+-------++-------
  Melee: Hand axe          |    64 |   119 |   158 ||   341
 Invoke: Convert to Beogh  |       |     1 |       ||     1
         Smiting           |       |     1 |     3 ||     4
    Use: Potion            |     2 |       |     1 ||     3
         Scroll            |       |       |     6 ||     6
 Armour: Robe              |    31 |    72 |    94 ||   197
         Ring mail         |       |     1 |       ||     1
  Dodge: Dodged            |    40 |    77 |    81 ||   198
